Map: Odyssey LE

Players

badzergling - Winner!

  • Race: Zerg Zerg
  • League: Gold
  • Spawn Location: 5:00

Pipus

  • Race: Zerg Zerg
  • League: Diamond
  • Spawn Location: 11:00

VOD

Have the link to the VOD?

Description

Time

  • Played on: Nov. 21, 2017, 12:11 p.m.
  • Length: 7:45
Show
View Real Time Build Order
Export as new Build Order

badzergling Zerg - Winner!

Build Orders: Hatch First 

Get SALT Encoding   

  12  0:02  Drone  
  13  0:13  Overlord  
  13  0:24  Drone  
  14  0:32  Drone x2  
  14  0:35  Drone  
  17  0:57  Drone  
  17  0:59  Hatchery  
  17  1:00  Drone  
  18  1:04  Extractor  
  17  1:18  Spawning Pool  
  17  1:20  Drone  
  17  1:24  Drone  
  18  1:29  Drone  
  19  1:41  Evolution Chamber  
  18  1:55  Overlord, Drone  
  19  2:06  Queen  
  19  2:07  Zergling x2  
  22  2:09  Zerg Melee Weapons Level 1  
  22  2:15  Zergling x4  
  24  2:30  Drone x2  
  24  2:34  Queen  
  24  2:37  Overlord  
  28  2:49  Metabolic Boost  
  27  3:07  Baneling Nest, Drone x2  
  27  3:08  Zergling x2  
  27  3:09  Zergling x6  
  32  3:35  Overlord  
  32  3:36  Zergling x8  
  32  3:40  Queen  
  38  3:59  Zergling x12  
  44  4:12  Zergling x10  
  44  4:14  Queen  
  51  4:20  Baneling x3  
  51  4:28  Overlord  
  48  4:43  Zergling x2  
  48  4:44  Zergling x8  
  46  4:49  Queen  
  44  5:04  Zergling x10  
  49  5:19  Hatchery  
  48  5:31  Drone x3  
  51  5:53  Spine Crawler, Zergling x14  
  51  5:55  Spine Crawler  
  56  6:10  Spine Crawler  
  55  6:11  Spine Crawler  
  53  6:23  Zergling x12  
  39  6:42  Drone x4  
  42  6:58  Drone x6  
  46  7:11  Zergling x4  
  46  7:12  Roach Warren  
Show
View Real Time Build Order
Export as new Build Order

Pipus Zerg 

Build Orders: Hatch First 

Get SALT Encoding   

  12  0:01  Drone  
  13  0:14  Overlord  
  13  0:17  Drone  
  14  0:35  Drone x2  
  16  0:38  Drone  
  17  1:00  Hatchery  
  17  1:02  Drone  
  17  1:05  Extractor  
  17  1:07  Drone  
  17  1:25  Spawning Pool  
  16  1:27  Drone  
  16  1:31  Drone  
  18  1:34  Drone  
  19  1:44  Overlord  
  19  1:57  Drone  
  20  2:12  Queen x2  
  20  2:14  Zergling x2  
  20  2:15  Zergling x2  
  26  2:21  Metabolic Boost  
  26  2:24  Drone  
  26  2:27  Drone  
  28  2:30  Drone  
  28  2:36  Drone x2  
  31  2:44  Overlord  
  31  2:55  Drone x3  
  34  2:58  Queen  
  36  3:30  Hatchery  
  36  3:32  Baneling Nest  
  33  3:40  Roach Warren  
  32  3:42  Drone x4  
  32  3:43  Drone x4  
  40  3:55  Overlord x2  
  40  4:18  Baneling  
  40  4:22  Roach x2  
  40  4:23  Roach x4  
  46  4:48  Roach x4  
  46  4:49  Roach  
  52  5:02  Extractor  
  52  5:03  Extractor  
  52  5:14  Roach x3  
  52  5:15  Zergling x2  
  52  5:16  Zergling x10  
  52  5:17  Queen  
  64  5:29  Drone  
  64  5:31  Overlord x2  
  65  5:43  Evolution Chamber  
  65  5:49  Queen  
  66  5:58  Roach  
  66  5:59  Roach x6  
  66  6:03  Overlord x2  
  72  6:25  Roach x2  
  72  6:26  Roach x3  
  76  6:37  Roach x4  
  76  6:38  Roach x2  
  69  6:47  Roach  
  63  7:03  Ravager x2  
  63  7:06  Zergling x4  
  67  7:10  Drone  
Tags
 
Add a new tag
Caveats
  • Supply blocks, unpowered buildings, or Contaminate may cause inaccurate times.
  • Supply counts are checked every 10 seconds.